 Dungeon Sprint DCSS version 0.28.0-43-g3370ac3207 (webtiles) character file.

Game seed: 8569164639273174653

3553 boopmooplesden the Fencer (level 9, -2/151 HPs)
             Began as a Minotaur Berserker on Mar 11, 2022.
             Was a High Priest of Trog.
             Slain by a kraken (65 damage)
             ... in the Dungeon (Sprint II: "The Violet Keep of Menkaure").
             The game lasted 00:04:01 (1245 turns).

boopmooplesden the Fencer (Minotaur Berserker)      Turns: 1245, Time: 00:04:02

Health: -2/151     AC: 17    Str: 24    XL:     9   Next: 83%
Magic:  8/8        EV: 15    Int:  8    God:    Trog [*****.]
Gold:   867        SH:  0    Dex: 12    Spells: 8/8 levels left

rFire   . . .      SeeInvis .   a - +1 falchion (chaos)
rCold   x . .      Faith    .   (no shield)
rNeg    . . .      Spirit   .   j - +4 ring mail of Valiance {rC- Int+4}
rPois   .          Reflect  .   (helmet restricted)
rElec   .          Harm     .   r - +0 cloak
rCorr   .          Rampage  .   y - +1 pair of gloves
Will    .....      NoTele   +   i - +1 pair of boots
Stlth   ..........              (no amulet)
HPRegen 0.35/turn               (no ring)
MPRegen 0.11/turn               (no ring)

@: berserking (expiring), very quick
A: horns 2, retaliatory headbutt, screaming 1
a: Renounce Religion, Berserk, Trog's Hand, Brothers in Arms


You were in the Dungeon.
You worshipped Trog.
Trog was extremely pleased with you.
You visited 1 branch You collected 1231 gold pieces.
You spent 364 gold pieces at shops.

Inventory:

Hand Weapons
 a - a +1 falchion of chaos (weapon)
 k - a +1 battleaxe
Armour
 b - a +0 animal skin
 i - a +1 pair of boots (worn)
 j - the +4 ring mail of Valiance (worn) {rC- Int+4}
   (You bought it in a shop in the Dungeon)

   Int:       It affects your intelligence (+4).
   rC:        It makes you vulnerable to cold.
 r - a +0 cloak (worn)
 s - a +0 chain mail
 y - a +1 pair of gloves (worn)
Jewellery
 o - a ring of flight
Scrolls
 h - 2 scrolls of blinking
 q - 2 scrolls of identify
Potions
 d - 2 potions of heal wounds
 e - 2 potions of haste
 f - 5 potions of magic
 g - a potion of berserk rage
 m - 7 potions of flight
 t - a potion of might
 u - 2 potions of brilliance
 x - a potion of curing
 A - 3 potions of resistance


   Skills:
 + Level 16.6 Fighting
 + Level 17.1 Long Blades
 + Level 9.0 Armour
 + Level 10.2 Dodging
 + Level 0.9 Stealth


You had 8 spell levels left.
You didn't know any spells.
Your spell library was empty.

Dungeon Overview and Level Annotations

Branches:
Dungeon (1/1)

Altars:
Cheibriados
Dithmenos
Elyvilon
Fedhas
Gozag
Hepliaklqana
Kikubaaqudgha
Makhleb
Nemelex Xobeh
Okawaru
Qazlal
Ru
Sif Muna
Trog
Uskayaw
Vehumet
Wu Jian
Xom
Yredelemnul
Zin
The Shining One
Beogh
Jiyva
Lugonu

Shops:
D :(::(?=[[==!(?!

Annotations:
D exclusions: ice statue and oklob plant


Innate Abilities, Weirdness & Mutations

You have a pair of horns on your head.
You reflexively headbutt those who attack you in melee.
You occasionally shout uncontrollably at your foes.


Message History

You feel yourself moving faster!
You feel mighty!
You closely miss the tentacle. Your headbutt misses the tentacle.
The tentacle slaps you.
You barely miss the tentacle. Your headbutt misses the tentacle.
The tentacle completely misses you.
You slash the tentacle!
The tentacle looks as sick as possible!
The tentacle is moderately wounded.
You hit the tentacle.
The tentacle is heavily wounded.
The tentacle slaps you!
You slash the tentacle! Lightning courses through the tentacle!
The tentacle is almost dead.
You slash the tentacle!
You kill the tentacle!
The tentacle slaps you but does no damage.
You barely miss the tentacle. The tentacle completely misses you.
The tentacle slaps you!
You slash the tentacle!
Nothing appears to happen.
You headbutt the tentacle.
The tentacle is moderately wounded.
The tentacle barely misses you. x2
You slash the tentacle! You headbutt the tentacle!!
The tentacle is almost dead.
You slash the tentacle!
You kill the tentacle!
The tentacle slaps you but does no damage.
The kraken bites you but does no damage.
The tentacle completely misses you. You furiously retaliate!
You headbutt the tentacle! The tentacle closely misses you.
You furiously retaliate!
You headbutt the tentacle! You slash the kraken!
The kraken seems to grow stronger.
The kraken is heavily wounded.
The kraken bites you!! The tentacle slaps you! The tentacle barely misses you.
You slash the kraken!
Nothing appears to happen.
You punch the kraken, but do no damage.
The kraken is heavily wounded.
You slash the kraken!
The kraken is severely wounded.
The tentacle slaps you but does no damage.
The kraken bites you!!!
You die...

. #)°▓([..[..(▓▓
^####=|▓).(.....▓▓
...####▓.:..)...▓▓
#..##.#▓.[....).▓▓
+..#..#▓.)..((..▓▓
#..#)†#▓..[.....▓▓
#.^##†#▓(.......▓▓
##...##▓▓▓▓▓▓▓'▓▓▓▓+▓
.≈≈≈≈≈≈≈≈≈≈≈≈≈..@X≈≈▓
.≈#+########§###ww≈≈▓
.≈#.._.....#§≈§##≈≈≈▓
.≈#._._....#≈≈§§####▓▓
≈≈#_._._...#≈§≈≈≈##..#
≈≈#._._._..#≈≈§≈§§#..#
≈≈#_._._._.#≈§§§§≈'..+
≈≈#._._._._#§≈≈§≈§#..#
§≈#_._._._.#§≈≈≈§≈▓..#


You could see a kraken (strong) and 2 tentacles.

Vanquished Creatures
  2 deep trolls (D)
  A yaktaur (D)
  3 polar bears (D)
  A hornet (D)
  4 neqoxecs (D)
  Menkaure (D)
  4 water moccasins (D)
  4 necrophages (D)
  A scorpion (D)
  3 worms (D)
  2 tentacles (D)
26 creatures vanquished.

Vanquished Creatures (others)
  16 tentacles (D)
16 creatures vanquished.

Grand Total: 42 creatures vanquished

Notes
Turn   | Place    | Note
-------+----------+-------------------------------------------
     0 | D        | boopmooplesden the Minotaur Berserker began the quest for
                  | the Orb.
     0 | D        | Reached XP level 1. HP: 19/19 MP: 0/0
     1 | D        | Noticed a necrophage
     1 | D        | Noticed a necrophage
     1 | D        | Noticed a necrophage
     1 | D        | Noticed a necrophage
     7 | D        | Killed a necrophage
     8 | D        | Reached skill level 7 in Long Blades
     8 | D        | Reached XP level 2. HP: 34/34 MP: 1/1
     8 | D        | Reached XP level 3. HP: 39/39 MP: 2/2
     8 | D        | Reached XP level 4. HP: 47/47 MP: 3/3
    11 | D        | Killed a necrophage
    12 | D        | Reached skill level 8 in Long Blades
    12 | D        | Reached XP level 5. HP: 56/56 MP: 4/4
    13 | D        | Killed a necrophage
    13 | D        | Reached ** piety under Trog
    14 | D        | Reached skill level 10 in Long Blades
    14 | D        | Reached skill level 5 in Armour
    15 | D        | Killed a necrophage
    16 | D        | Reached skill level 10 in Fighting
    16 | D        | Reached skill level 5 in Dodging
    16 | D        | Reached XP level 6. HP: 67/67 MP: 5/5
    57 | D        | Noticed a water moccasin
    61 | D        | Reached *** piety under Trog
    64 | D        | Killed a water moccasin
    65 | D        | Reached skill level 11 in Long Blades
    95 | D        | Noticed a boulder beetle
    95 | D        | Noticed a boulder beetle
    98 | D        | Noticed a neqoxec
    98 | D        | Noticed a neqoxec
    98 | D        | Noticed a neqoxec
    98 | D        | Noticed a neqoxec
   104 | D        | Killed a neqoxec
   105 | D        | Reached XP level 7. HP: 75/75 MP: 6/6
   106 | D        | Killed a neqoxec
   107 | D        | Reached skill level 12 in Long Blades
   112 | D        | Killed a neqoxec
   112 | D        | Reached **** piety under Trog
   113 | D        | Reached skill level 13 in Long Blades
   114 | D        | Gained mutation: You occasionally shout uncontrollably at
                  | your foes. [a neqoxec]
   116 | D        | Killed a neqoxec
   165 | D        | Noticed an ice statue
   168 | D        | Found Kirchel's Distillery.
   169 | D        | Found Yruol's Antique Weapon Boutique.
   169 | D        | Found Mowkoej's Magic Scroll Boutique.
   170 | D        | Found Efyes's Jewellery Shop.
   170 | D        | Found Wazyniyga's Distillery.
   171 | D        | Found Juol's Antique Armour Boutique.
   171 | D        | Found Meolulla's Jewellery Boutique.
   257 | D        | Found Faujib's Antique Armour Shop.
   259 | D        | Found Hahet's Jewellery Shop.
   259 | D        | Found Dokimamu's Magic Scroll Boutique.
   259 | D        | Noticed an ice dragon
   262 | D        | Noticed Menkaure
   274 | D        | Killed Menkaure
   275 | D        | Reached XP level 8. HP: 39/86 MP: 7/7
   343 | D        | Found Xumastro's Antique Weapon Shop.
   343 | D        | Found Liru Ommic's Book Boutique.
   343 | D        | Noticed an oklob plant
   344 | D        | Found Notturph's Antique Weapon Shop.
   344 | D        | Found Waiclups's Book Boutique.
   344 | D        | Found Xokick's Book Shoppe.
   349 | D        | Bought a pair of glowing boots for 157 gold pieces
   356 | D        | Noticed a great orb of eyes
   469 | D        | Bought a smelly ring mail for 207 gold pieces
   469 | D        | Identified the +4 ring mail of Valiance {rC- Int+4} (You
                  | bought it in a shop in the Dungeon)
   502 | D        | Found a stormy altar of Qazlal.
   502 | D        | Found an ornate altar of the Wu Jian Council.
   502 | D        | Found a glowing golden altar of the Shining One.
   503 | D        | Found a hazy altar of Hepliaklqana.
   503 | D        | Found a sacrificial altar of Ru.
   503 | D        | Found a shimmering altar of Xom.
   504 | D        | Found a viscous altar of Jiyva.
   504 | D        | Found a shimmering blue altar of Sif Muna.
   505 | D        | Found a snail-covered altar of Cheibriados.
   505 | D        | Found an ancient bone altar of Kikubaaqudgha.
   505 | D        | Found a bloodstained altar of Trog.
   506 | D        | Found a shadowy altar of Dithmenos.
   506 | D        | Found a corrupted altar of Lugonu.
   507 | D        | Found a white marble altar of Elyvilon.
   507 | D        | Found a burning altar of Makhleb.
   508 | D        | Found a blossoming altar of Fedhas.
   510 | D        | Noticed a yaktaur
   510 | D        | Noticed a hornet
   510 | D        | Noticed a polar bear
   510 | D        | Noticed a polar bear
   513 | D        | Killed a polar bear
   513 | D        | Reached ***** piety under Trog
   514 | D        | Reached skill level 14 in Long Blades
   514 | D        | Noticed a polar bear
   521 | D        | Killed a polar bear
   526 | D        | Killed a hornet
   527 | D        | Reached skill level 15 in Long Blades
   529 | D        | Killed a polar bear
   529 | D        | Received a gift from Trog
   530 | D        | Reached skill level 15 in Fighting
   532 | D        | Killed a yaktaur
   533 | D        | Reached XP level 9. HP: 97/97 MP: 8/8
   542 | D        | Found an opulent altar of Gozag.
   548 | D        | Noticed a kraken
   569 | D        | Reached skill level 16 in Long Blades
  1045 | D        | Found a sparkling altar of Nemelex Xobeh.
  1045 | D        | Found a hide-covered altar of Uskayaw.
  1045 | D        | Found a basalt altar of Yredelemnul.
  1046 | D        | Found an iron altar of Okawaru.
  1046 | D        | Found a radiant altar of Vehumet.
  1046 | D        | Found a glowing silver altar of Zin.
  1053 | D        | Noticed a deep troll
  1053 | D        | Noticed a deep troll
  1063 | D        | Killed a deep troll
  1071 | D        | Killed a deep troll
  1072 | D        | Reached skill level 17 in Long Blades
  1072 | D        | Reached skill level 10 in Dodging
  1192 | D        | Noticed an obsidian statue
  1245 | D        | Slain by a kraken

Illustrated notes

Levels and vault maps discovered:
D:        the_violet_keep_of_menkaure [sprint2_stairs_cluster_1,
          sprint2_shoproom, sprint2_temple, sprint2_basic_supplies,
          sprint2_obstacle_2, sprint2_obstacle_3, sprint2_obstacle_7,
          sprint2_obstacle_5, sprint2_obstacle_4, sprint2_timed_cluster_1,
          sprint2_smallroom_cluster_1, sprint2_smallroom_final_cluster_1,
          sprint2_transparent_cluster_1, sprint2_second_timed_cluster_1,
          sprint2_sniper_area_1, sprint2_heavy_combat_area_1,
          sprint2_mutation_trap_area_1, sprint2_forest_area_1,
          sprint2_light_combat_area_1, sprint2_behind_water_1,
          sprint2_near_end_vault_1]

Skill      XL: |  1  2  3  4  5  6  7  8  9 |
---------------+----------------------------+-----
Fighting       | 7 8 10 11 13 15 16 | 16.6
Long Blades    | 7 8 10 11 13 15 17 | 17.1
Armour         | 3 4 5 6 7 9 |  9.0
Dodging        | 3 4 5 7 8 10 | 10.2
Stealth        | |  0.9

Action                   |  1- 3 |  4- 6 |  7- 9 || total
-------------------------+-------+-------+-------++-------
Melee: Falchion          |     5 |    21 |    99 ||   125
       Headbutt          |     1 |     5 |    21 ||    27
       Punch             |       |       |     1 ||     1
Invok: Berserk           |     1 |     2 |     3 ||     6
  Use: Scroll            |       |       |    11 ||    11
       Potion            |       |       |     1 ||     1
Armor: Animal skin       |       |     1 |       ||     1
       Ring mail         |       |       |    34 ||    34
Dodge: Dodged            |     2 |     6 |    60 ||    68
